cohdb
Replays
Latest Replays
All Replays
Popular Replays
Top Player Replays
Match Explorer
How It Works
Community
CoH3 Stats
Reddit
Sign in to upload your games and track your stats! →
Sign in with Steam
Match 45526904
Unlisted
Match 45526904
Overview
Messages
Build Orders
End
Kradschützen Motorcycle Team
Selects Panzerjäger Kommand Battlegroup
Selects Mine Fields
250 Light Carrier
Panzergrenadier Squad
Construct Light Support Kompanie
Combat Half-tracks
Panzergrenadier Squad
Fire Support Elements
Selects Tank Busters
Flakvierling Half-track
Panzerjäger Mechanized Group
2.5-tonne Medical Truck
Panzerjäger Squad
Veteran Squad Leaders
Selects Defensive Positions
Construct Panzerarmee Kommand
Armored Reserves
Panzergrenadier Squad
Selects Crew Shock Tactics
Selects Butterfly Bomb Drop
Tiger Heavy Tank
Butterfly Bomb Drop
Emergency Repair Kits
Butterfly Bomb Drop
Selects Anti-tank Overwatch
Anti-tank Overwatch
Cpt Darling
jwalker987
Berkilius
Khelben
0
0
Comments
sign in to comment!
No comments posted yet!